 Dungeon Crawl Stone Soup version 0.30-b1-2-g02819fbbbe (webtiles) character file.

Game seed: 6696932024698636281

74 AurumCu the Ducker (level 4, -14/34 HPs)
             Began as a Merfolk Gladiator on May 8, 2023.
             Demolished by a kobold
             ... wielding a +0 rapier of distortion
              (19 damage)
             ... on level 3 of the Dungeon.
             The game lasted 00:05:59 (1801 turns).

AurumCu the Ducker (Merfolk Gladiator)              Turns: 1801, Time: 00:06:00

Health: -14/34     AC:  6    Str: 14    XL:     4   Next: 28%
Magic:  5/5        EV: 14    Int:  7    God:
Gold:   151        SH:  0    Dex: 17    Spells: 3/4 levels left

rFire   . . .        a - +0 long sword
rCold   . . .        j - orb {*channel}
rNeg    . . .        b - +0 leather armour
rPois   .            c - +1 helmet
rElec   .            (no cloak)
rCorr   .            (no gloves)
SInv    .            h - +0 pair of boots
Will    .....        (no amulet)
Stlth   +            (no ring)
HPRegen 0.00/turn    (no ring)
MPRegen 0.09/turn

%: channel magic (20%)
@: sick
A: (nimble swimmer 2), mertail
a: no special abilities


You were on level 3 of the Dungeon.
You visited 1 branch of the dungeon, and saw 3 of its levels.

You collected 151 gold pieces.

Inventory:

Hand Weapons
 a - a +0 long sword (weapon)
Missiles
 d - 3 throwing nets (quivered)
 e - a javelin
Armour
 b - a +0 leather armour (worn)
 c - a +1 helmet (worn)
 h - a +0 pair of boots (worn)
 j - an orb of energy (worn)
Scrolls
 f - 2 scrolls of identify
 g - a scroll of enchant weapon
 k - a scroll of magic mapping {unknown}
Potions
 i - a potion of heal wounds {unknown}


   Skills:
 * Level 2.6 Fighting
 + Level 4.5 Long Blades
 + Level 2.0 Throwing
 + Level 0.5 Armour
 * Level 4.8 Dodging
 + Level 0.2 Stealth
 * Level 0.9 Spellcasting
 + Level 0.2 Ice Magic


You had 3 spell levels left.
You knew the following spells:

 Your Spells              Type           Power      Damage    Failure   Level
a - Freeze                Ice            0%         1d3       65%         1

Your spell library contained the following spells:

 Spells                   Type           Power      Damage    Failure   Level
 Frozen Ramparts          Ice            0%         1d1       93%         3
 Hailstorm                Conj/Ice       0%         3d3       94%         3


Dungeon Overview and Level Annotations

Branches:
Dungeon (3/15)

Altars:


Innate Abilities, Weirdness & Mutations

((You are very nimble when in or above water. (Stealth+, EV+, Speed+++)))
Your lower body shifts to a powerful aquatic tail in water.


Message History

HP restored.
Magic restored.
You see here a rat corpse.
You see here a +0 spear.
You see here a rat corpse.
You now have 145 gold pieces (gained 12).
Your magical contamination has completely faded away.
Found a transporter.
Found 8 gold pieces.
Found 6 gold pieces.
There is a transporter here.
Press: ? - help, v - describe, . - travel A transporter landing site.
There is a transporter here.
You enter the transporter and appear at another place.
A kobold and an ufetubus come into view.
The kobold is wielding a +0 rapier of distortion.
The kobold shouts!
The small abomination hits you but does no damage.
You feel yourself growing ill in the presence of the ancient zyme.
The small abomination attacks as you move away!
The small abomination hits you!
Found a scroll of blinking.
The kobold closely misses you.
The small abomination attacks as you move away!
The small abomination hits you but does no damage.
The small abomination completely misses you.
The ancient zyme hits you but does no damage.
The ancient zyme hits you. The ancient zyme closely misses you. x2
You see here 6 gold pieces.
You now have 151 gold pieces (gained 6).
The ancient zyme hits you! x2
* * * LOW HITPOINT WARNING * * *
You feel ill. The kobold barely misses you.
The ancient zyme attacks as you move away!
The ancient zyme barely misses you. The ancient zyme closely misses you.
The kobold attacks as you move away! The kobold hits you but does no damage.
Space warps horribly around you!!
Ouch! That really hurt!
You die...

#.#.# #...### ... ##
#.#.# #..##.##..#
#.## ..#.#
##..#©#.##r##?...
###.# #...##...###..#
#.#.#....##.#....#
#.#......###.#.5## .
#.####.....#.##x# ...
#.........©#.xK##..#
########....##..@#©.#
...........##.#..##.#
#######.$..#.#....# #
..........## #..#^.#
####......# ..# ##.
... ......#.### #.
##.#.###..## #. ##


You could see an ancient zyme, a small abomination, an ufetubus and a kobold.

Vanquished Creatures
  An adder (D:2)
  2 dart slugs (D:2)
  7 endoplasms
  3 giant cockroaches (D:1)
  7 goblins
  5 hobgoblins
  3 jackals (D:1)
  8 ball pythons
  2 bats
  12 frilled lizards
  2 kobolds (D:1)
  7 rats
59 creatures vanquished.

Vanquished Creatures (others)
  14 plants (D:2)
14 creatures vanquished.

Grand Total: 73 creatures vanquished

Notes
Turn   | Place    | Note
-------+----------+-------------------------------------------
     0 | D:1      | AurumCu the Merfolk Gladiator began the quest for the Orb.
     0 | D:1      | Reached XP level 1. HP: 16/16 MP: 1/1
   215 | D:1      | Reached XP level 2. HP: 17/22 MP: 2/2
   555 | D:1      | Reached XP level 3. HP: 24/28 MP: 3/3
   663 | D:1      | Learned a level 1 spell: Freeze
  1198 | D:2      | Reached XP level 4. HP: 32/34 MP: 4/4
  1319 | D:2      | Found a faded altar of an unknown god.
  1779 | D:3      | Found a transporter.
  1781 | D:3      | Noticed a small abomination
  1782 | D:3      | Noticed an ancient zyme
  1801 | D:3      | Demolished by a kobold

Illustrated notes

Levels and vault maps discovered:
D:1:      dreamdust_arrival_beginning_and_end, layout_loops_ring,
          corexii_item_surrounded_by_moat
D:2:      layout_loops_ring, dreamdust_ecumenical_altar_hidden_monk_grotto,
          chequers_big_river, minmay_lizard_king
D:3:      layout_basic, gammafunk_temple_overflow_elements, serial_shops,
          nicolae_shop_trees, gammafunk_ghost_abyssal_escape

Skill      XL: |  1  2 |
---------------+-------+-----
Long Blades    | 4 |  4.5
Fighting       | |  2.6
Throwing       | |  2.0
Armour         | |  0.5
Dodging        | |  4.8
Stealth        | |  0.2
Spellcasting   | |  0.9
Ice Magic      | |  0.2

Action                     |  1- 3 |  4- 6 || total
---------------------------+-------+-------++-------
  Melee: Long sword        |   108 |    27 ||   135
         Punch             |     1 |       ||     1
         Tailslap          |       |     5 ||     5
   Cast: Freeze            |     8 |     4 ||    12
    Use: Scroll            |     3 |       ||     3
   Stab: Sleeping          |     5 |       ||     5
         Distracted        |     1 |       ||     1
 Armour: Leather armour    |    41 |    12 ||    53
  Dodge: Dodged            |    89 |    28 ||   117
